 Dungeon Crawl Stone Soup version 0.31-a0-198-g2ad674f65e (webtiles) character file.

Game seed: 13670125208736767990

93 qw the Shooter (level 4, 0/25 HPs)
             Began as a Deep Elf Hunter on June 25, 2023.
             Killed by divine providence
             ... invoked by an orc priest
              (12 damage)
             ... on level 3 of the Dungeon.
             The game lasted 00:00:34 (2067 turns).

qw the Shooter (Deep Elf Hunter)                    Turns: 2067, Time: 00:00:35

Health: 0/25       AC:  5    Str: 10    XL:     4   Next: 36%
Magic:  6/6        EV: 11    Int: 14    God:
Gold:   51         SH:  0    Dex: 18    Spells: 3/3 levels left

rFire   . . .        Y - +0 shortbow
rCold   . . .        (shield currently unavailable)
rNeg    . . .        k - +0 ring mail
rPois   .            (no helmet)
rElec   .            (no cloak)
rCorr   .            (no gloves)
SInv    .            (no boots)
Will    .....        (no amulet)
Stlth   +            (no ring)
HPRegen 0.24/turn    (no ring)
MPRegen 0.10/turn

%: no passive effects
@: no status effects
A: no striking features
a: no special abilities


You were on level 3 of the Dungeon.
You visited 1 branch of the dungeon, and saw 3 of its levels.

You collected 51 gold pieces.


   Skills:
 - Level 1.5 Fighting
 + Level 7.8 Ranged Weapons
 - Level 2.4 Dodging
 - Level 1.2 Stealth


You had 3 spell levels left.
You didn't know any spells.
Your spell library was empty.

Inventory:

Hand Weapons
 Y - a +0 shortbow (weapon)
Armour
 k - a +0 ring mail (worn)
Wands
 c - a wand of digging (1)
Scrolls
 b - a scroll of noise {unknown}
 f - a scroll of teleportation
Potions
 a - a potion of curing
 d - a potion of lignification {unknown}
 e - 2 potions of might {unknown}
 g - 3 potions of attraction {unknown}
 i - a potion of heal wounds {unknown}

Dungeon Overview and Level Annotations

Branches:
Dungeon (3/15)

Altars:


Message History

The arrow hits the hobgoblin but does no damage.
You shoot an arrow. The arrow hits the hobgoblin.
You kill the hobgoblin!
You see here a +0 hat.
There is a shaft here.
A rat and an orc priest come into view.
The orc priest is wielding a +1 morningstar of protection.
The orc priest shouts!
You shoot an arrow. The arrow barely misses the orc priest.
You shoot an arrow. The arrow hits the orc priest.
The orc priest is lightly wounded.
The orc priest calls down the wrath of Beogh upon you.
Beogh smites you!
Ouch! That really hurt!
You shoot an arrow.
The arrow hits the orc priest but does no damage.
The orc priest is lightly wounded.
The rat twitches its whiskers.
The orc priest begins to cast a cantrip, but forgets the words!
You shoot an arrow.
The arrow hits the orc priest but does no damage.
The orc priest is lightly wounded.
The orc priest barely misses you.
You shoot an arrow.
The arrow closely misses the orc priest.
The arrow hits the rat.
You kill the rat!
The orc priest completely misses you.
You shoot an arrow. The arrow hits the orc priest.
The orc priest is lightly wounded.
The orc priest barely misses you.
You shoot an arrow. The arrow hits the orc priest.
The orc priest is heavily wounded.
The orc priest barely misses you.
You shoot an arrow.
The arrow hits the orc priest but does no damage.
The orc priest is heavily wounded.
The orc priest calls down the wrath of Beogh upon you.
Beogh smites you!
You die...

#.### .# #### #....
..## ....#####
#..### #.#.#.)..
#......####.##..###
#..####..#8.8##.# ##
..#.........)..#
#..##.#.#####8.8####
#%o@..# ##.####
......#.### #....#
..... #.# ####.#
.... #.#### #.####
... #...^#
#####..... ..
####[####......### .
#...##.###)##
###....# #.# #..###
#..


You could see an orc priest.

Vanquished Creatures
  Terence (D:2)
  2 adders (D:2)
  A dart slug (D:2)
  2 orcs (D:3)
  8 endoplasms
  A giant cockroach (D:2)
  2 goblins
  5 hobgoblins
  2 jackals (D:2)
  5 kobolds
  4 ball pythons
  2 bats
  3 frilled lizards
  4 rats
42 creatures vanquished.

Notes
Turn   | Place    | Note
-------+----------+-------------------------------------------
     0 | D:1      | qw the Deep Elf Hunter began the quest for the Orb.
     0 | D:1      | Reached XP level 1. HP: 12/12 MP: 3/3
     0 | D:1      | 0 ||| qw: Version: 0.3-a-22-g0ed2b0b
     0 | D:1      | 0 ||| qw: Game counter: 4877
     0 | D:1      | 0 ||| qw: Melee chars always use a shield: true
     0 | D:1      | 0 ||| qw: God list: Okawaru
     0 | D:1      | 0 ||| qw: Allow faded altars: false
     0 | D:1      | 0 ||| qw: Do Orc after clearing Dungeon:15 true
     0 | D:1      | 0 ||| qw: Do second Lair branch before Depths: true
     0 | D:1      | 0 ||| qw: Lair rune preference: random
     0 | D:1      | 0 ||| qw: Goals: Normal
     0 | D:1      | 0 ||| PLANNING D:1-11
   331 | D:1      | Reached XP level 2. HP: 16/16 MP: 4/4
   344 | D:1      | Reached skill level 6 in Ranged Weapons
   501 | D:1      | Found a faded altar of an unknown god.
  1020 | D:1      | 1020 ||| READING 2 scrolls labelled DUSU BEXKIONK.
  1024 | D:1      | 1024 ||| DROPPING scroll of butterflies.
  1061 | D:2      | HP: 4/16 [jackal (2)]
  1062 | D:2      | 1062 ||| READING scroll of teleportation.
  1064 | D:2      | Reached XP level 3. HP: 5/20 MP: 5/5
  1064 | D:2      | 1064 ||| FLEEEEING.
  1065 | D:2      | 1065 ||| FLEEEEING.
  1205 | D:2      | Reached skill level 7 in Ranged Weapons
  1418 | D:2      | Noticed Terence
  1427 | D:2      | Killed Terence
  1428 | D:2      | Reached XP level 4. HP: 24/25 MP: 6/6
  1733 | D:2      | 1733 ||| FLEEEEING.
  1902 | D:2      | 1902 ||| UPGRADING to +0 scale mail.
  1912 | D:2      | 1912 ||| DROPPING +0 leather armour.
  1913 | D:2      | 1913 ||| UPGRADING to +0 ring mail.
  1923 | D:2      | 1923 ||| DROPPING +0 scale mail.
  1924 | D:2      | 1924 ||| READING scroll labelled HOCIUN FUAMEY.
  1925 | D:2      | 1925 ||| READING scroll labelled FOUKLI ZUBE.
  1926 | D:2      | 1926 ||| DRINKING 2 purple potions.
  2067 | D:3      | Killed from afar by an orc priest

Levels and vault maps discovered:
D:1:      amcnicky_arrival_choice, layout_basic,
          shapermc_ecumenical_altar_mp_urbaneastern
D:2:      layout_basic, chequers_arboretum, uniq_terence
D:3:      layout_rooms, nicolae_qazlal_style_of_elements,
          lemuel_coloured_pillars_altar, small_statue_intersection

Skill      XL: |  1  2  3 |
---------------+----------+-----
Ranged Weapons | 6 7 |  7.8
Fighting       | |  1.5
Dodging        | |  2.4
Stealth        | |  1.2

Action                     |  1- 3 |  4- 6 || total
---------------------------+-------+-------++-------
   Fire: Shortbow          |    75 |    48 ||   123
    Use: Scroll            |     2 |     2 ||     4
         Potion            |       |     1 ||     1
 Armour: Leather armour    |     7 |       ||     7
         Ring mail         |       |     2 ||     2
  Dodge: Dodged            |    30 |    10 ||    40

Table legend:
 A = Non-vault XP
 B = Vault XP
 C = Vault XP percentage of total XP
 D = Non-vault monster count
 E = Vault monster count
 F = Vault count percentage of total count
                 A         B        C        D         E       F
            +---------+---------+-------+---------+---------+-------
      Total |      97 |      36 |  27.1 |      41 |       1 |   2.4
            +---------+---------+-------+---------+---------+-------
        D:1 |      22 |       0 |   0.0 |      13 |       0 |   0.0
        D:2 |      59 |      36 |  37.9 |      19 |       1 |   5.0
        D:3 |      16 |       0 |   0.0 |       9 |       0 |   0.0
            +---------+---------+-------+---------+---------+-------
